 Dungeon Crawl Stone Soup version 0.22-a0-571-g4a923d4 (webtiles) character file.

51485 Goblin1989 the Ripper (level 14, -1/69 HPs)
             Began as a Felid Berserker on June 23, 2018.
             Was the Champion of Trog.
             Engulfed by a ghost crab's spectral mist (13 damage)
             ... on level 1 of the Swamp on July 1, 2018.
             The game lasted 02:49:57 (38086 turns).

Goblin1989 the Ripper (Felid Berserker)            Turns: 38086, Time: 02:49:58

Health: -1/69      AC:  3    Str: 13    XL:     14   Next: 23%
Magic:  24/24      EV: 33    Int:  8    God:    Trog [******]
Gold:   1700       SH:  0    Dex: 21    Spells: 13/13 levels left
                                        Lives:  0   Deaths: 4

rFire    + . .     SeeInvis +     - Unarmed
rCold    + . .     Gourm    +   (shield unavailable)
rNeg     + + .     Faith    .   (armour unavailable)
rPois    +         Spirit   .   (helmet unavailable)
rElec    .         Reflect  .   (cloak unavailable)
rCorr    .         Harm     .   (gloves unavailable)
MR       ++...                  (boots unavailable)
Stlth    +++.......             l - amulet "Biuleveumi" {Gourm +Inv rN++ Int-2 Stlth-}
HPRegen  0.21/turn              f - ring of protection from fire
MPRegen  0.19/turn              o - ring of poison resistance

@: very slow
A: very small, no armour, no weapons or thrown items, stealth, claws 1, fangs 3,
see invisible, carnivore, speed 1, shaggy fur 3, slow metabolism 1, subdued
magic 1, sharp paws
a: Berserk, Trog's Hand, Brothers in Arms, Renounce Religion, Evoke Invisibility


You were on level 1 of the Swamp.
You worshipped Trog.
Trog was exalted by your worship.
You were full.

You visited 4 branches of the dungeon, and saw 24 of its levels.

You collected 2440 gold pieces.
You spent 740 gold pieces at shops.

Inventory:

Jewellery
 c - an uncursed ring of protection from cold
 f - a ring of protection from fire (left paw)
 g - an uncursed ring of resist corrosion
 l - the amulet "Biuleveumi" (around neck) {Gourm +Inv rN++ Int-2 Stlth-}
   (You found it on level 4 of the Dungeon)

   [amulet of the gourmand]

   It allows you to eat raw meat even when not hungry.
   It affects your intelligence (-2).
   It greatly protects you from negative energy.
   It lets you turn invisible.
   It makes you less stealthy.
 o - a ring of poison resistance (right paw)
 u - an uncursed ring of protection from fire
 U - an uncursed ring of positive energy
Wands
 r - a wand of polymorph (10)
 x - a wand of acid (14) {@v2}
 z - a wand of flame (22) {@v6}
 E - a wand of iceblast (3) {@v4}
 G - a wand of enslavement (4)
 N - a wand of digging (12) {@v1}
Scrolls
 j - 2 scrolls of summoning
 q - 3 scrolls of fear
 s - 4 scrolls of fog {unknown}
 t - 9 scrolls of remove curse {@r3}
 y - a scroll of torment
 B - 3 scrolls of blinking
 D - a scroll of holy word
 F - a scroll of vulnerability
 M - 3 scrolls of magic mapping
 P - a scroll of acquirement {unknown}
 Q - 3 scrolls of enchant weapon {unknown}
 T - 7 scrolls of teleportation {!r, @r2}
 V - 2 scrolls of immolation
 X - 3 scrolls of amnesia {unknown}
Potions
 k - a potion of mutation {!q}
 v - 2 potions of cancellation
 w - a potion of resistance {@q6}
 A - a potion of agility {@q5}
 C - 2 potions of heal wounds
 I - a potion of ambrosia
 K - 2 potions of might
 O - 2 potions of haste {@q3,}
 S - 5 potions of curing {@q1}
 Y - 4 potions of flight
 Z - 2 potions of lignification
Miscellaneous
 H - a phial of floods
 L - a lamp of fire
Comestibles
 e - 46 rations


   Skills:
 + Level 12.3 Fighting
 + Level 15.3 Dodging
 + Level 16.0 Stealth
 * Level 16.5 Unarmed Combat
 + Level 12.6 Evocations


You had 13 spell levels left.
You didn't know any spells.
Your spell library contained the following spells:

 Spells                   Type           Power        Failure   Level  Hunger
 Magic Dart               Conj           #...         36%         1    ##.....
 Bolt of Cold             Conj/Ice       #.........   100%        6    #######
 Bolt of Magma            Conj/Fire/Erth #.........   100%        5    ######.
 Throw Frost              Conj/Ice       #.....       50%         2    ###....
 Freezing Cloud           Conj/Ice/Air   #.........   100%        6    #######
 Venom Bolt               Conj/Pois      #.........   100%        5    ######.
 Iskenderun's Mystic Bla  Conj           #.......     99%         4    #####..
 Animate Dead             Necr           N/A          99%         4    #####..
 Pain                     Necr           #...         36%         1    ##.....
 Animate Skeleton         Necr           N/A          36%         1    ##.....
 Vampiric Draining        Necr           #.........   75%         3    ####...
 Freeze                   Ice            #...         36%         1    ##.....
 Ozocubu's Refrigeration  Ice            #.........   100%        6    #######
 Summon Ice Beast         Ice/Summ       #.......     99%         4    #####..
 Ozocubu's Armour         Chrm/Ice       #.......     75%         3    ####...
 Regeneration             Chrm/Necr      #.........   75%         3    ####...
 Iron Shot                Conj/Erth      #.........   100%        6    #######
 Ice Form                 Ice/Tmut       #.......     99%         4    #####..
 Throw Icicle             Conj/Ice       #.......     99%         4    #####..
 Metabolic Englaciation   Hex/Ice        #.........   100%        5    ######.
 Simulacrum               Ice/Necr       #.........   100%        6    #######
 Orb of Destruction       Conj           #.........   100%        7    #######
 Iskenderun's Battlesphe  Conj/Chrm      #.......     100%        5    ######.
 Fulminant Prism          Conj/Hex       #.........   99%         4    #####..
 Dazzling Spray           Conj/Hex       #.....       75%         3    ####...
 Force Lance              Conj/Tloc      #.......     99%         4    #####..
 Searing Ray              Conj           #.....       50%         2    ###....
 Spellforged Servitor     Conj/Summ      #.........   100%        7    #######


Dungeon Overview and Level Annotations

Branches:
Dungeon (15/15)            Temple (0/1) D:6            Lair (6/6) D:11
  Swamp (1/4) Lair:2       Spider (0/4) Lair:2        Slime (0/5) Lair:6
    Orc (2/2) D:10            Elf (0/3) Orc:2        Vaults (0/5) D:14
 Depths (0/5) D:15

Altars:
Cheibriados
Elyvilon
Fedhas
Makhleb
Nemelex Xobeh
Okawaru
Ru
Uskayaw
Vehumet
Jiyva

Shops:
D:7 [   D:15 !*   Orc:2 [}==

Annotations:
D:2 1 runed door
D:6 3 runed doors, emperorscorpion's ghost, novice DECj
D:12 2 transporters, exclusion: ice statue
D:15 exclusion: Roxanne, Roxanne
Lair:1 Gastronok
Lair:4 exclusion: 2 oklob plants
Orc:1 1 runed door, exclusion: door, Thaneod's ghost, journeyman DEAE


Innate Abilities, Weirdness & Mutations

You cannot wear armour.
You are incapable of wielding weapons or throwing items.
Your paws allow you to move quietly. (Stealth)
You have sharp claws.
You have razor-sharp teeth.
You have supernaturally acute eyesight. (SInv)
You are carnivorous and can eat meat at any time.
You cover ground quickly.
Your thick and shaggy fur keeps you warm. (AC +3, rC+)
You have a slow metabolism.
Your sharp claws are effective at attacking unaware monsters.
Your spells are a little easier to cast, but a little less powerful.


Message History

No target in view!
No target in view!
No target in view!
No target in view!
No target in view!
No target in view!
No target in view!
No target in view!
No target in view!
No target in view!
No target in view!
No target in view!
No target in view!
No target in view!
No target in view!
No target in view!
No target in view!
Key pressed, stopping explore.
You butcher the swamp worm corpse.
W - 3 chunks of flesh Eating one of 3 chunks of flesh.
You eat one of the 3 chunks of flesh.
This raw flesh tastes great.
Eating one of 2 chunks of flesh.
You eat one of the 2 chunks of flesh.
This raw flesh tastes great.
Eating a chunk of flesh.
You eat the chunk of flesh.
This raw flesh tastes great.
e - 45 rations (gained 1) Health restored: 69
There is a stone staircase leading down here.
e - 46 rations (gained 1)
You enter the shallow water.
Moving in this stuff is going to be slow.
You enter the shallow water.
Moving in this stuff is going to be slow.
Key pressed, stopping explore.
You enter the shallow water.
Moving in this stuff is going to be slow.
You enter the shallow water.
Moving in this stuff is going to be slow.
You enter the shallow water.
Moving in this stuff is going to be slow.
Key pressed, stopping explore.
You enter the shallow water.
Moving in this stuff is going to be slow.
A swamp worm comes into view.
You see here 6 tomahawks.
You enter the shallow water.
Moving in this stuff is going to be slow. 2 vampire mosquitoes and a ghost crab come into view.
The vampire mosquito buzzes angrily. x2; You hear an angry buzzing noise.
You mangle the vampire mosquito!! Your bite misses the vampire mosquito.
The vampire mosquito is almost destroyed.
A vampire mosquito comes into view.
The vampire mosquito completely misses you.
Your unstable footing causes you to fumble your attack.
The vampire mosquito completely misses you.
The vampire mosquito misses you.
You scratch the vampire mosquito.
You destroy the vampire mosquito!
Trog accepts your kill.
The vampire mosquito completely misses you.
You miss the vampire mosquito.
The vampire mosquito completely misses you.
The vampire mosquito bites you!
The vampire mosquito draws strength from your injuries!
Your unstable footing causes you to fumble your attack.
The ghost crab breathes spectral mist at you.
The spectral mist engulfs you! The vampire mosquito bites you!
The vampire mosquito draws strength from your injuries!
The swamp worm is engulfed in spectral mist.
The swamp worm bites you!
* * * LOW HITPOINT WARNING * * *
You mangle the vampire mosquito!!
The vampire mosquito is severely damaged.
You are engulfed in spectral mist.
* * * LOW HITPOINT WARNING * * *
A vampire mosquito comes into view.
The vampire mosquito closely misses you.
The vampire mosquito bites you!
* * * LOW HITPOINT WARNING * * *
The vampire mosquito draws strength from your injuries!
You take 45 damage, and have 24/69 hp.
MASSIVE DAMAGE!!
You mangle the vampire mosquito!!
You destroy the vampire mosquito!
Trog accepts your kill.
You are engulfed in spectral mist.
* * * LOW HITPOINT WARNING * * *
The vampire mosquito misses you.
A vampire mosquito comes into view.
The swamp worm is engulfed in spectral mist.
The swamp worm bites you.
* * * LOW HITPOINT WARNING * * *
The vampire mosquito completely misses you.
You take 12 damage, and have 12/69 hp.
Why would you want to do that?
Unknown command.
Unknown command.
Your unstable footing causes you to fumble your attack.
You are engulfed in spectral mist.
You die...

♣♣.≈≈..≈≈.<♣...≈≈≈≈≈..§
♣♣..≈...≈.♣♣♣♣.>≈≈≈...
♣♣♣♣♣♣≈.♣♣♣♣≈.......♣
♣≈..≈≈≈≈♣♣..≈...≈≈♣♣
♣♣...≈≈≈.♣♣≈≈≈..≈♣♣♣♣
♣≈.≈≈≈≈.≈♣......♣♣ ♣≈
♣♣♣♣.≈≈≈.≈≈.....≈♣♣♣♣♣♣≈
♣.≈..≈w§Z.≈≈≈≈≈...≈≈.♣.≈
§.≈≈.Z§@§.≈≈.≈≈≈..≈≈.♣..
..≈...y§Z.§.....♣...♣≈≈≈
≈♣♣≈.t♣♣.Z≈.≈♣♣♣♣♣♣§.≈≈≈
y.y≈.. ♣♣..♣♣♣ ♣≈.≈≈≈≈
...≈. ♣♣♣♣ ♣♣♣>≈≈≈ .≈...
♣♣≈≈.... .... ♣♣...≈...
.≈≈. ♣♣≈.≈....♣
♣♣≈.....♣♣♣


You could see a ghost crab, a spectral komodo dragon, a spectral six-headed
hydra, a spectral five-headed hydra, a spectral spiny frog, a swamp worm and 3
vampire mosquitoes.

Vanquished Creatures
  Nessos (Lair:6)
  An ogre mage (D:14)
  A yaktaur captain (D:15)
  8 hydras
  15 two-headed ogres
  A centaur warrior (D:15)
  3 alligators (Swamp:1)
  2 catoblepae
  3 tengu warriors
  Urug (D:12)
  Nergalle (D:10)
  2 deep elf knights (D:13)
  Sonja (D:12)
  An iron troll (Orc:2)
  A deep troll (Orc:2)
  An unseen horror (shapeshifter) (D:11)
  5 unseen horrors
  A deep elf archer (D:14)
  A shambling mangrove (Swamp:1)
  A swamp dragon (Swamp:1)
  3 orc knights
  Pikel (D:6)
  6 deep elf magi
  4 orc sorcerers
  6 ugly things
  A manticore (D:13)
  11 elephants
  3 cyclopes
  6 black mambas
  Joseph (D:7)
  A centaur zombie (D:14)
  12 spiny frogs
  A rime drake (Lair:6)
  7 komodo dragons
  A yaktaur (D:15)
  2 efreet
  A tengu conjurer (D:15)
  3 jumping spiders
  12 trolls
  A harpy zombie (D:15)
  A bog body (Swamp:1)
  2 polar bears (D:12)
  4 tyrant leeches
  4 hornets
  18 slime creatures
  14 hippogriffs
  15 blink frogs
  3 redbacks
  70 yaks
  A spriggan (D:8)
  Eustachio (D:4)
  A shadow (D:14)
  3 wyverns
  2 water elementals (D:14)
  2 wraiths
  2 basilisks
  3 hungry ghosts
  A steam dragon (D:11)
  A hog (shapeshifter) (D:15)
  5 wargs
  2 vampire mosquitoes (Swamp:1)
  2 soldier ants
  6 swamp worms
  2 acid dragons (D:13)
  14 water moccasins
  10 porcupines
  11 ice beasts
  2 sky beasts
  4 phantoms
  A slave (D:6)
  An eye of draining (D:15)
  2 black bears
  21 orc warriors
  A boggart (D:14)
  19 ogres
  8 wolves
  6 centaurs
  12 crocodiles
  Blork the orc (D:6)
  7 big kobolds
  17 bullfrogs
  2 wyvern zombies (D:11)
  A gnoll sergeant (D:13)
  A water moccasin skeleton (D:8)
  7 scorpions
  22 killer bees
  7 wights
  2 electric eels (D:14)
  5 howler monkeys
  7 crimson imps
  9 hounds
  4 bullfrog zombies
  13 orc priests
  A gnoll shaman (Orc:2)
  A jelly (D:7)
  32 orc wizards
  2 bullfrog skeletons
  7 centaur skeletons
  3 iron imps (D:9)
  3 iguanas
  17 worker ants
  A hound skeleton (D:10)
  2 worker ant zombies
  18 gnolls
  17 adders
  4 shadow imps
  A white imp (D:12)
  An ooze (D:4)
  An adder skeleton (D:8)
  A worm (D:3)
  A dart slug (D:1)
  6 leopard geckos
  78 orcs
  6 giant cockroaches
  12 hobgoblins
  11 jackals
  29 kobolds
  4 quokkas
  A ball python (D:1)
  11 bats
  6 frilled lizards
  10 goblins
  A jackal zombie (D:7)
  A leopard gecko skeleton (D:4)
  2 leopard gecko zombies
  8 rats
815 creatures vanquished.

Vanquished Creatures (collateral kills)
  Saint Roka (Orc:2)
  A hydra (Lair:2)
  2 ogre magi (Orc:2)
  2 two-headed ogres (Orc:2)
  A centaur zombie (D:14)
  A gargoyle (D:10)
  3 spiny frogs
  2 komodo dragons
  A tengu conjurer (D:14)
  A tyrant leech (Lair:2)
  5 yaks
  2 ogres (Orc:2)
  A crocodile (Lair:6)
  A quasit (D:14)
  A gnoll (Orc:2)
  An adder (D:10)
26 creatures vanquished.

Vanquished Creatures (others)
  A slave (D:6)
  An orc warrior (D:14)
  A centaur (D:14)
  A jelly (D:6)
  An orc priest (Orc:2)
  3 orcs
  7 fungi
  11 plants
26 creatures vanquished.

Grand Total: 867 creatures vanquished

Notes
Turn   | Place    | Note
-------+----------+-------------------------------------------
     0 | D:1      | Goblin1989 the Felid Berserker began the quest for the Orb.
     0 | D:1      | Reached XP level 1. HP: 10/10 MP: 2/2
   307 | D:1      | Reached skill level 1 in Stealth
   307 | D:1      | Reached XP level 2. HP: 6/14 MP: 3/3
  1140 | D:1      | Reached XP level 3. HP: 5/17 MP: 4/4
  1650 | D:2      | Reached ** piety under Trog
  1935 | D:2      | Found a runed door.
  2306 | D:3      | Noticed an ice beast
  2307 | D:3      | Reached XP level 4. HP: 21/21 MP: 5/5
  2586 | D:3      | Killed an ice beast
  2586 | D:3      | Reached skill level 5 in Dodging
  2586 | D:3      | Reached XP level 5. HP: 25/25 MP: 6/6
  2677 | D:3      | Found a sparkling altar of Nemelex Xobeh.
  3145 | D:4      | Got a coiled jade amulet
  3146 | D:4      | Identified the amulet "Biuleveumi" {Gourm +Inv rN++ Int-2 Stlth-} (You found it on level 4 of the Dungeon)
  3187 | D:4      | Noticed Eustachio
  3261 | D:4      | Killed Eustachio
  3261 | D:4      | Reached skill level 5 in Unarmed Combat
  3261 | D:4      | Reached skill level 1 in Evocations
  3261 | D:4      | Gained mutation: You are covered in thick fur. (AC +2) [Felid growth]
  3261 | D:4      | Reached XP level 6. HP: 28/28 MP: 7/7
  3568 | D:4      | Found an iron altar of Okawaru.
  3646 | D:4      | Reached XP level 7. HP: 18/33 MP: 9/9
  3839 | D:4      | Reached *** piety under Trog
  3999 | D:4      | Found a sacrificial altar of Ru.
  4314 | D:5      | Entered Level 5 of the Dungeon
  4384 | D:5      | Found a blossoming altar of Fedhas.
  5545 | D:6      | Reached skill level 5 in Stealth
  6052 | D:6      | Reached XP level 8. HP: 22/36 MP: 11/11
  6283 | D:6      | Reached skill level 5 in Fighting
  6325 | D:6      | Noticed Blork the orc
  6420 | D:6      | Noticed Pikel
  6435 | D:6      | Killed Blork the orc
  6466 | D:6      | Killed Pikel
  6629 | D:6      | Found a staircase to the Ecumenical Temple.
  6657 | D:6      | Found a runed gate.
  6657 | D:6      | Found a runed gate.
  6657 | D:6      | Found a runed gate.
  6657 | D:6      | Noticed emperorscorpion's ghost (novice DECj)
  6989 | D:7      | Noticed Joseph
  7051 | D:7      | Killed Joseph
  7051 | D:7      | Reached XP level 9. HP: 41/41 MP: 13/13
  7227 | D:7      | Found Poli's Antique Armour Shoppe.
  7531 | D:7      | Upgraded the game from 0.22-a0-538-g76cc104 to 0.22-a0-542-gce4f928
  7802 | D:7      | Reached skill level 5 in Evocations
  8029 | D:7      | Found a snail-covered altar of Cheibriados.
  8038 | D:7      | Reached **** piety under Trog
  8276 | D:8      | Noticed a two-headed ogre
  8324 | D:8      | Killed a two-headed ogre
  8481 | D:8      | Found a white marble altar of Elyvilon.
  8631 | D:8      | Reached XP level 10. HP: 46/46 MP: 15/15
  8878 | D:8      | Noticed a two-headed ogre
  8896 | D:8      | Killed a two-headed ogre
  9624 | D:9      | Noticed a two-headed ogre
  9653 | D:8      | Killed a two-headed ogre
  9677 | D:8      | Goblin1989: инвз 20 ходов
  9697 | D:8      | Slain by an ogre
  9698 | D:8      | Reached XP level 9. HP: -4/43 MP: 14/14
  9721 | D:8      | Reached skill level 10 in Unarmed Combat
 10105 | D:9      | Found a burning altar of Makhleb.
 10169 | D:9      | Found a radiant altar of Vehumet.
 10283 | D:9      | Reached XP level 10. HP: 47/47 MP: 13/16
 10558 | D:9      | Reached skill level 10 in Dodging
 10645 | D:10     | Entered Level 10 of the Dungeon
 10704 | D:10     | Reached ***** piety under Trog
 10880 | D:10     | Noticed a gargoyle
 10888 | D:10     | Killed a gargoyle
 11125 | D:10     | Reached skill level 10 in Stealth
 11181 | D:10     | Found a staircase to the Orcish Mines.
 11182 | D:10     | Noticed Nergalle
 11195 | D:10     | Killed Nergalle
 11886 | D:9      | Reached XP level 11. HP: 16/51 MP: 17/17
 12403 | D:10     | Noticed an unseen horror
 12417 | D:10     | Killed an unseen horror
 12930 | D:10     | Noticed an unseen horror
 12945 | D:10     | Killed an unseen horror
 13127 | D:11     | Noticed an unseen horror
 13149 | D:11     | Killed an unseen horror
 13335 | D:11     | Noticed an unseen horror
 13342 | D:11     | Killed an unseen horror
 13363 | D:11     | Noticed a centaur warrior
 13365 | D:11     | Noticed a vampire knight
 13365 | D:11     | Noticed a frost giant
 13365 | D:11     | Noticed a tengu reaver
 13366 | D:11     | Noticed an anaconda
 13373 | D:11     | Noticed a two-headed ogre
 13834 | D:11     | Noticed a two-headed ogre
 13845 | D:11     | Killed a two-headed ogre
 14236 | D:11     | Noticed a five-headed hydra
 14266 | D:11     | Killed a five-headed hydra
 14452 | D:11     | Found a staircase to the Lair.
 14460 | Lair:1   | Entered Level 1 of the Lair of Beasts
 14863 | Lair:1   | Noticed Gastronok
 15323 | Lair:2   | Gained mutation: Your thick and shaggy fur keeps you warm. (AC +3, rC+) [Felid growth]
 15323 | Lair:2   | Reached XP level 12. HP: 45/57 MP: 16/19
 15683 | Lair:2   | Noticed a five-headed hydra
 15695 | Lair:2   | Killed a five-headed hydra
 15993 | Lair:2   | Noticed a six-headed hydra
 16016 | Lair:2   | Killed a six-headed hydra
 16249 | Lair:2   | Found a hole to the Spider Nest.
 16469 | Lair:2   | Slain by a tyrant leech
 16470 | Lair:2   | Reached XP level 11. HP: -1/53 MP: 19/19
 16665 | Lair:2   | Noticed a six-headed hydra
 16704 | Lair:2   | Killed a seven-headed hydra
 17320 | Lair:2   | Found a staircase to the Swamp.
 18319 | Lair:3   | Reached XP level 12. HP: 58/58 MP: 20/20
 19799 | Lair:4   | Reached skill level 10 in Fighting
 19819 | Lair:4   | Reached skill level 10 in Evocations
 19903 | Lair:4   | Noticed a catoblepas
 20055 | Lair:3   | Goblin1989: !lg . femo place=vaults -log
 20055 | Lair:3   | XtahuaRules: 1. Goblin1989, XL22 FeMo, T:79075: https://crawl.xtahua.com/crawl/morgue/Goblin1989/morgue-Goblin1989-20170406-055848.txt
 20299 | Lair:4   | Killed a catoblepas
 20504 | Lair:4   | Noticed a seven-headed hydra
 20514 | Lair:4   | Killed a seven-headed hydra
 21110 | Lair:4   | Upgraded the game from 0.22-a0-542-gce4f928 to 0.22-a0-553-g9358b0b
 21169 | Lair:4   | Gained mutation: Your spells are a little easier to cast, but a little less powerful. [mutagenic glow]
 21390 | Lair:4   | Reached XP level 13. HP: 57/62 MP: 21/21
 23017 | Lair:5   | Slain by a spiny frog
 23018 | Lair:5   | Reached XP level 12. HP: -4/59 MP: 20/21
 23223 | Lair:5   | Reached ****** piety under Trog
 23963 | Lair:5   | Found the +8 whip "Snakebite" {curare, rPois}
 24636 | Lair:6   | Entered Level 6 of the Lair of Beasts
 24850 | Lair:6   | Found a sparkling altar of Nemelex Xobeh.
 24869 | Lair:6   | Found a viscous altar of Jiyva.
 24870 | Lair:6   | Found a staircase to the Slime Pits.
 25703 | Lair:6   | Noticed Nessos
 25715 | Lair:6   | Killed Nessos
 25908 | Lair:5   | Noticed a catoblepas
 25917 | Lair:5   | Killed a catoblepas
 26131 | Lair:6   | Reached XP level 13. HP: 63/63 MP: 22/22
 26738 | Orc:1    | Entered Level 1 of the Orcish Mines
 26738 | Orc:1    | Found a runed door.
 26738 | Orc:1    | Noticed Thaneod's ghost (journeyman DEAE)
 26787 | Orc:2    | Entered Level 2 of the Orcish Mines
 26923 | Orc:2    | Found a staircase to the Elven Halls.
 27307 | Orc:2    | Noticed Saint Roka
 27422 | Orc:2    | Killed Saint Roka
 27998 | Orc:2    | Found Gusibod's Antique Armour Shop.
 28219 | Orc:2    | HP: 2/63 [two-headed ogre/giant spiked club (18)]
 28583 | Orc:2    | Reached skill level 15 in Unarmed Combat
 29407 | Orc:2    | Found Qygiul's Gadget Boutique.
 29409 | Orc:2    | Found Qetack's Jewellery Shoppe.
 29414 | Orc:2    | Found Fafucsil's Jewellery Shop.
 30599 | D:12     | Found a hide-covered altar of Uskayaw.
 30674 | D:12     | Found a transporter.
 30727 | D:12     | Reached XP level 14. HP: 67/67 MP: 23/23
 31091 | D:12     | Reached skill level 15 in Stealth
 31151 | D:12     | Noticed Urug
 31333 | D:12     | Killed Urug
 31398 | D:12     | Noticed Sonja
 31404 | D:12     | Killed Sonja
 31521 | D:12     | Found a transporter.
 32010 | D:12     | Goblin1989: !lg namelessone
 32010 | D:12     | XtahuaRules: 4. Namelessone the Conjurer (L6 DEWz), slain by noob123's ghost on D:4 on 2015-09-09 07:05:21, with 286 points after 2686 turns and 0:10:57.
 32010 | D:12     | Goblin1989: !lg namelessone optm
 32010 | D:12     | XtahuaRules: No games for namelessone (optm).
 32010 | D:12     | Goblin1989: !lg thenamelessone optm
 32010 | D:12     | XtahuaRules: 151. TheNamelessOne the Insei (L5 OpTm), slain by a worker ant on D:3 on 2018-06-24 12:44:43, with 128 points after 2578 turns and 0:04:12.
 32013 | D:12     | Goblin1989: &dump thenamelessone
 32013 | D:12     | XtahuaRules: http://CRAWL.XTAHUA.COM/crawl/morgue/TheNamelessOne/TheNamelessOne.txt
 32169 | Orc:2    | Bought an uncursed ring of poison resistance for 300 gold pieces
 32174 | Orc:2    | Bought an uncursed ring of resist corrosion for 320 gold pieces
 34570 | D:14     | Found a gate to the Vaults.
 35093 | D:15     | Entered Level 15 of the Dungeon
 35339 | D:15     | Noticed Roxanne
 35466 | D:15     | Reached skill level 15 in Dodging
 35745 | D:15     | Found Egynu's General Store.
 35759 | D:15     | Found Dojepp's Distillery.
 36170 | D:15     | Bought a potion of ambrosia for 120 gold pieces
 36246 | D:15     | Goblin1989: !ruplayers
 36246 | D:15     | Goblin1989: !ruplayers
 36246 | D:15     | Goblin1989: ?ruplayers
 36246 | D:15     | Goblin1989: ??ruplayers
 36246 | D:15     | XtahuaRules: ruplayers[1/1]: russian players. maintained by ololoev
 36246 | D:15     | Goblin1989: ??ruplayers ls
 36246 | D:15     | XtahuaRules: I don't have a page labeled ruplayers_ls in my learndb.
 36247 | D:15     | Upgraded the game from 0.22-a0-553-g9358b0b to 0.22-a0-567-gff9aefc
 36247 | D:15     | Upgraded the game from 0.22-a0-567-gff9aefc to 0.22-a0-570-g58866f5
 36359 | D:15     | Reached XP level 15. HP: 72/72 MP: 25/25
 36521 | D:15     | Found a staircase to the Depths.
 36672 | D:15     | Upgraded the game from 0.22-a0-570-g58866f5 to 0.22-a0-571-g4a923d4
 36672 | D:15     | Goblin1989: !lg dsmo -log
 36672 | D:15     | XtahuaRules: 119. DsMo, XL25 DsMo, T:106555: https://crawl.xtahua.com/crawl/morgue/DsMo/morgue-DsMo-20180701-080646.txt
 36857 | Swamp:1  | Entered Level 1 of the Swamp
 37583 | Swamp:1  | Slain by a hornet
 37584 | Swamp:1  | Reached XP level 14. HP: -4/69 MP: 24/24
 38086 | Swamp:1  | Engulfed by a ghost crab's spectral mist

Vault maps used:
D:1:      erik_arrival_cave_to_civilisation
D:2:      uniq_robin, uniq_crazy_yiuf_cottage
D:3:      marbit_many_paths
D:4:      cheibrodos_helix_gallery, lemuel_coloured_pillars_altar,
          okawaru_metal_pillars_3, uniq_eustachio
D:5:      corexii_shack_village, old_standard_altar, first_ration,
          minmay_misc_feat_hallway
D:6:      minmay_temple_entry_fiery, serial_co_window_serial, co_window_paths_a,
          co_window_paths_a, co_window_paths_a, co_window_paths_a,
          co_window_paths_a, co_window_of_opportunity_c, co_window_corner_cb,
          co_window_cross_4, co_window_of_opportunity_b, co_window_4corner_a,
          glass_columns_b, glass_columns_c, glass_columns_a, glass_columns_a,
          gammafunk_ghost_necromancy, kennysheep_generic_room_4, uniq_pikel,
          uniq_blork_the_orc
D:7:      lemuel_doored_altar, serial_shops, shop_statue, uniq_joseph
D:8:      the_bakery, elyvilon_altar_5
D:9:      kennysheep_little_box, demons_altar
D:10:     erik_orc_3, uniq_nergalle
D:11:     minmay_tile_spiral, lair_entry_dummy
D:12:     gammafunk_wand_slinger, basic_altar, grunt_decor_one_mirror,
          ice2_lemuel, uniq_sonja, uniq_urug
D:14:     hangedman_vaults_entry_quadrant_bands, serial_park_avenue1,
          chequers_big_river, basic_loot_grate_trap
D:15:     grunt_enter_depths_snipers, serial_shops, shop, nicolae_shop_crystal,
          nooodl_food_tri, uniq_roxanne
Lair:1:   uniq_gastronok
Lair:2:   minmay_swamp_entry_worms, nicolae_spider_entry_tight_spaces,
          minmay_holes, grunt_megastairs_1
Lair:4:   grunt_megastairs_5, minmay_lair_oklob_chamber
Lair:5:   minmay_guarded_unrand_snakebite, kennysheep_catoblepas_arena,
          serial_bayou_shore_a, lemuel_fruit_tree, infiniplex_staircase_pool_2,
          grunt_megastairs_3, lemuel_fruit_fields
Lair:6:   cheibrodos_lair_end_hotspot, slime_altar_1, basic_altar, zaba_anthole,
          uniq_nessos
Swamp:1:  serial_swamp_ruin, evilmike_swamp_ruin_wall,
          evilmike_swamp_ruin_rubble_1
Orc:1:    ebering_ghost_inner_flame
Orc:2:    st_orc_open, uniq_saint_roka

Skill      XL: |  1  2  3  4  5  6  7  8  9 10 11 12 13 14 15 |
---------------+----------------------------------------------+-----
Stealth        | 1 2 3 4 5 6 8 10 11 14 15 16 | 16.0
Unarmed Combat | 4 5 6 7 10 11 13 15 16 | 16.5
Dodging        | 5 6 7 8 10 11 13 14 15 | 15.3
Fighting       | 4 5 6 8 9 10 11 12 | 12.3
Evocations     | 1 3 4 5 7 8 11 12 | 12.6

Action                   |  1- 3 |  4- 6 |  7- 9 | 10-12 | 13-15 || total
-------------------------+-------+-------+-------+-------+-------++-------
Melee: Unarmed           |   127 |   105 |   387 |   991 |   941 ||  2551
       Bite              |     5 |    13 |    42 |   123 |   124 ||   307
       Punch             |     1 |     4 |    17 |    62 |    74 ||   158
Invok: Trog's Hand       |     1 |       |     6 |    10 |     9 ||    26
       Berserk           |       |     3 |     5 |     5 |     7 ||    20
       Brothers in Arms  |       |       |       |     9 |     5 ||    14
 Abil: Evoke Invisibilit |       |       |     6 |    48 |    43 ||    97
Evoke: Wand              |       |       |     3 |    20 |    29 ||    52
  Use: Potion            |     1 |       |     1 |     1 |       ||     3
       Scroll            |       |     2 |     5 |    10 |    11 ||    28
 Stab: Sleeping          |    14 |     2 |    21 |    34 |    31 ||   102
       Invisible         |       |       |     9 |    99 |   121 ||   229
       Distracted        |       |       |     3 |     4 |     7 ||    14
  Eat: Chunk             |    10 |     4 |    27 |    71 |    56 ||   168
       Ration            |       |       |       |     1 |       ||     1
Armor: Skin              |     7 |     2 |     9 |     9 |    22 ||    49
Dodge: Dodged            |   101 |    92 |   287 |   867 |   907 ||  2254

Table legend:
 A = Spawn XP
 B = Non-spawn XP
 C = Spawn XP percentage of total XP
 D = Spawn monster count
 E = Non-spawn monster count
 F = Spawn count percentage of total count
 G = Total turns spent on level
                    A         B        C        D         E        F      G
               +---------+---------+-------+---------+---------+-------+---------
         Total |       0 |  151852 |   0.0 |       0 |     842 |   0.0 | 38086
               +---------+---------+-------+---------+---------+-------+---------
           D:1 |       0 |      41 |   0.0 |       0 |      27 |   0.0 |  1448
           D:2 |       0 |      48 |   0.0 |       0 |      18 |   0.0 |   941
           D:3 |       0 |     221 |   0.0 |       0 |      25 |   0.0 |   694
           D:4 |       0 |     536 |   0.0 |       0 |      20 |   0.0 |  1231
           D:5 |       0 |     308 |   0.0 |       0 |      21 |   0.0 |  1225
           D:6 |       0 |    1274 |   0.0 |       0 |      16 |   0.0 |  1536
           D:7 |       0 |    1707 |   0.0 |       0 |      31 |   0.0 |  1191
           D:8 |       0 |    4486 |   0.0 |       0 |      35 |   0.0 |  1722
           D:9 |       0 |    2404 |   0.0 |       0 |      34 |   0.0 |  1296
          D:10 |       0 |    6113 |   0.0 |       0 |      69 |   0.0 |  2299
          D:11 |       0 |    5985 |   0.0 |       0 |      42 |   0.0 |  1420
          D:12 |       0 |    6433 |   0.0 |       0 |      42 |   0.0 |  1612
          D:13 |       0 |    5994 |   0.0 |       0 |      35 |   0.0 |  1478
          D:14 |       0 |   16244 |   0.0 |       0 |      50 |   0.0 |  2088
          D:15 |       0 |   14287 |   0.0 |       0 |      43 |   0.0 |  1006
        Lair:1 |       0 |    2225 |   0.0 |       0 |      11 |   0.0 |   996
        Lair:2 |       0 |   12029 |   0.0 |       0 |      42 |   0.0 |  2589
        Lair:3 |       0 |    5181 |   0.0 |       0 |      23 |   0.0 |  2064
        Lair:4 |       0 |   17379 |   0.0 |       0 |      60 |   0.0 |  2420
        Lair:5 |       0 |   10532 |   0.0 |       0 |      43 |   0.0 |  2293
        Lair:6 |       0 |    5899 |   0.0 |       0 |      25 |   0.0 |  1566
       Swamp:1 |       0 |    8856 |   0.0 |       0 |      25 |   0.0 |  1229
         Orc:1 |       0 |    2482 |   0.0 |       0 |      30 |   0.0 |  1633
         Orc:2 |       0 |   21188 |   0.0 |       0 |      75 |   0.0 |  2109
               +---------+---------+-------+---------+---------+-------+---------

Vault maps used:
D:1:      erik_arrival_cave_to_civilisation
D:2:      uniq_robin, uniq_crazy_yiuf_cottage
D:3:      marbit_many_paths
D:4:      cheibrodos_helix_gallery, lemuel_coloured_pillars_altar,
          okawaru_metal_pillars_3, uniq_eustachio
D:5:      corexii_shack_village, old_standard_altar, first_ration,
          minmay_misc_feat_hallway
D:6:      minmay_temple_entry_fiery, serial_co_window_serial, co_window_paths_a,
          co_window_paths_a, co_window_paths_a, co_window_paths_a,
          co_window_paths_a, co_window_of_opportunity_c, co_window_corner_cb,
          co_window_cross_4, co_window_of_opportunity_b, co_window_4corner_a,
          glass_columns_b, glass_columns_c, glass_columns_a, glass_columns_a,
          gammafunk_ghost_necromancy, kennysheep_generic_room_4, uniq_pikel,
          uniq_blork_the_orc
D:7:      lemuel_doored_altar, serial_shops, shop_statue, uniq_joseph
D:8:      the_bakery, elyvilon_altar_5
D:9:      kennysheep_little_box, demons_altar
D:10:     erik_orc_3, uniq_nergalle
D:11:     minmay_tile_spiral, lair_entry_dummy
D:12:     gammafunk_wand_slinger, basic_altar, grunt_decor_one_mirror,
          ice2_lemuel, uniq_sonja, uniq_urug
D:14:     hangedman_vaults_entry_quadrant_bands, serial_park_avenue1,
          chequers_big_river, basic_loot_grate_trap
D:15:     grunt_enter_depths_snipers, serial_shops, shop, nicolae_shop_crystal,
          nooodl_food_tri, uniq_roxanne
Lair:1:   uniq_gastronok
Lair:2:   minmay_swamp_entry_worms, nicolae_spider_entry_tight_spaces,
          minmay_holes, grunt_megastairs_1
Lair:4:   grunt_megastairs_5, minmay_lair_oklob_chamber
Lair:5:   minmay_guarded_unrand_snakebite, kennysheep_catoblepas_arena,
          serial_bayou_shore_a, lemuel_fruit_tree, infiniplex_staircase_pool_2,
          grunt_megastairs_3, lemuel_fruit_fields
Lair:6:   cheibrodos_lair_end_hotspot, slime_altar_1, basic_altar, zaba_anthole,
          uniq_nessos
Swamp:1:  serial_swamp_ruin, evilmike_swamp_ruin_wall,
          evilmike_swamp_ruin_rubble_1
Orc:1:    ebering_ghost_inner_flame
Orc:2:    st_orc_open, uniq_saint_roka
